 Dungeon Crawl Stone Soup version 0.28.0 (webtiles) character file.

Game seed: 475569086541187614

514 mcwallace the Skirmisher (level 7, -6/62 HPs)
             Began as a Hill Orc Fighter on Feb 18, 2022.
             Succumbed to Blork the orc's poison
             ... on level 3 of the Dungeon.
             The game lasted 00:04:36 (4040 turns).

mcwallace the Skirmisher (Hill Orc Fighter)         Turns: 4040, Time: 00:04:36

Health: -6/62      AC: 11    Str: 21    XL:     7   Next: 20%
Magic:  7/7        EV:  9    Int:  8    God:
Gold:   160        SH:  5    Dex: 10    Spells: 6/6 levels left

rFire   . . .      SeeInvis .   a - +0 war axe {axe}
rCold   . . .      Faith    .   c - +0 buckler
rNeg    . . .      Spirit   .   b - +0 scale mail
rPois   .          Reflect  .   (no helmet)
rElec   .          Harm     .   (no cloak)
rCorr   .          Rampage  .   (no gloves)
Will    .....                   (no boots)
Stlth   ..........              (no amulet)
HPRegen 0.20/turn               q - +4 ring of protection
MPRegen 0.10/turn               (no ring)

@: lethally poisoned (-6 -> -35)
A: no striking features
a: no special abilities


You were on level 3 of the Dungeon.
You visited 1 branch of the dungeon, and saw 4 of its levels.

You collected 160 gold pieces.


   Skills:
 + Level 5.6 Fighting
 + Level 5.5 Axes
 + Level 5.2 Armour
 + Level 5.1 Shields


You had 6 spell levels left.
You didn't know any spells.
Your spell library contained the following spells:

 Spells                   Type           Power      Damage    Failure   Level
 Sandblast                Erth           0%         2d4       82%         1
 Slow                     Hex            0%         N/A       82%         1
 Passwall                 Tmut/Erth      0%         N/A       91%         2
 Confusing Touch          Hex            0%         N/A       99%         3
 Stone Arrow              Conj/Erth      0%         3d7       99%         3
 Vampiric Draining        Necr           0%         2d6       99%         3

Inventory:

Hand Weapons
 a - a +0 war axe (weapon) {axe}
 t - a +1 vorpal scythe {polearm}
   (You took it off Sigmund on level 4 of the Dungeon)
Missiles
 f - 173 stones (quivered) {throwing}
 g - 54 arrows
 l - 29 sling bullets
 o - 5 javelins {throwing}
 w - 5 poisoned darts {throwing}
Armour
 b - a +0 scale mail (worn)
 c - a +0 buckler (worn)
Jewellery
 q - a +4 ring of protection (left hand)
   (You found it on level 3 of the Dungeon)
Wands
 s - a wand of acid (8)
   (You found it on level 3 of the Dungeon)
Scrolls
 e - 2 scrolls of noise {unknown}
 h - 7 scrolls of identify {unknown}
 i - 6 scrolls of teleportation {unknown}
 n - 2 scrolls of blinking {unknown}
 v - a scroll of magic mapping {unknown}
 x - a scroll of fog {unknown}
Potions
 d - a potion of might
 j - a potion of heal wounds {unknown}
 k - a potion of attraction {unknown}
 m - a potion of flight {unknown}
 p - a potion of brilliance {unknown}
 r - a potion of mutation {unknown}
 u - 2 potions of magic {unknown}

Dungeon Overview and Level Annotations

Branches:
Dungeon (4/15)
 Temple: D:4-7

Altars:
Gozag
Makhleb
Nemelex Xobeh
Qazlal

Annotations:
D:3 2 transporters
D:4 Blork the orc

# ##.###># # #####.#
#.# # #.....###.## #
#.######...# # #.#
#...# # #.#
####...####
#######.###.........#
....................#
#######.#.#.....@...#
#####.#.####....### #
#.........##....#
###.###.#.#.##....#
.##.# #.#.#.###...#
.##.# #.#...# #.###
.##.# #.###.# #..#
....###.###.# #..#
.#.<##<.....# #..#


There were no monsters in sight!


Message History

The kobold barely misses you.
You slash the kobold!
You kill the kobold!
No target in view!
No target in view!
f - 173 stones {throwing} (gained 5)
You see here a +0 short sword {short}.
You open the gate.
There is an open gate here.
u - 2 sedimented brown potions (gained 1) Key pressed, stopping explore.
Blork the orc comes into view.
He is wielding a +4 trident of venom.
Blork the orc shouts!
Blork the orc casts a spell at you. The magic dart hits you! 😕 HP[-8]
You take 8 damage, and now have 54/62 hp.
A necrophage comes into view.
Blork the orc hits you but does no damage.
You are poisoned. 😕 HP[+1]
You feel very sick.
Blork the orc screams, "Die!"
Blork the orc closely misses you. 😕 HP[-3]
You take 3 damage, and now have 52/62 hp.
You barely miss Blork the orc.
You feel very sick.
Blork the orc barely misses you. 😕 HP[-3]
You take 3 damage, and now have 49/62 hp.
You slash Blork the orc!
You feel sick.
Blork the orc points at you and mumbles some strange words.
The magic dart hits you.
Blork the orc gestures wildly while chanting.
Blork the orc seems to speed up. 😮 HP[-5]
You take 5 damage, and now have 44/62 hp.
You feel sick. The necrophage hits you.
You block Blork the orc's attack. 😮 HP[-1]
You take 1 damage, and now have 43/62 hp.
You feel sick.
You block Blork the orc's attack. 😮 HP[-1]
You take 1 damage, and now have 42/62 hp.
You feel sick.
Blork the orc looks satisfied for a moment.
The necrophage closely misses you. 😮 HP[-1]
You take 1 damage, and now have 41/62 hp.
You feel sick.
Blork the orc points at you and mumbles some strange words.
The puff of flame hits you. 😮 HP[-2]
You take 2 damage, and now have 39/62 hp.
You feel sick.
You are no longer poisoned. 😮 HP[-1]
You take 1 damage, and now have 38/62 hp. 😮 HP[+1] 😮 HP[+1] Blork the orc hits you from afar with a +4 trident of venom.
You are poisoned. 😮 HP[-3]
You take 3 damage, and now have 37/62 hp.
You feel sick. 😮 HP[-2]
You take 2 damage, and now have 35/62 hp.
You feel sick.
Blork the orc hits you from afar with a +4 trident of venom!
* * * LOW HITPOINT WARNING * * *
You are more poisoned. 😨 HP[-8]
You take 8 damage, and now have 27/62 hp.
You feel very sick. 😨 HP[-3]
You take 3 damage, and now have 24/62 hp.
You feel very sick.
Blork the orc barely misses you. 😨 HP[-4]
You take 4 damage, and now have 20/62 hp.
You feel sick.
Blork the orc screams, "I'll break your arms!"
Blork the orc hits you from afar with a +4 trident of venom.
* * * LOW HITPOINT WARNING * * *
You are lethally poisoned! 😨 HP[-4]
You take 4 damage, and now have 16/62 hp.
* * * LOW HITPOINT WARNING * * *
You feel very sick.
There is a stone staircase leading up here. 😱 HP[-4]
You take 4 damage, and now have 12/62 hp.
* * * LOW HITPOINT WARNING * * *
You feel very sick.
Blork the orc hits you from afar with a +4 trident of venom.
* * * LOW HITPOINT WARNING * * *
You are more poisoned.
You climb upwards.
Level annotation: 2 transporters You die...

Skill      XL: |  1  2  3  4  5  6 |
---------------+-------------------+-----
Axes           | 3 4 5 |  5.5
Fighting       | 4 5 |  5.6
Armour         | 4 5 |  5.2
Shields        | 4 5 |  5.1

Action                   |  1- 3 |  4- 6 |  7- 9 || total
-------------------------+-------+-------+-------++-------
Melee: War axe           |   116 |   127 |    10 ||   253
Evoke: Wand              |       |     2 |       ||     2
  Use: Potion            |       |     1 |       ||     1
Armor: Scale mail        |    59 |    55 |     2 ||   116
Dodge: Dodged            |    45 |    64 |     9 ||   118
Block: Buckler           |    26 |    23 |     3 ||    52

Levels and vault maps discovered:
D:1:      dpeg_arrival_long_road, layout_loops_ring, minmay_misc_feat_tiny,
          minivault_14
D:2:      layout_basic, shapermc_ecumenical_altar_mp_ritualfount, basic_altar,
          nicolae_elevator_lobby_plus
D:3:      gammafunk_steamed_eel, layout_loops_ring,
          mainiacjoe_overflow_tiny_flanked, nicolae_qazlal_style_of_elements
D:4:      layout_layer_cave, nicolae_gozag_seed_capital, serial_bayou,
          serial_bayou_shore_a, serial_bayou_pond_e, serial_bayou_lagoon_a,
          serial_bayou_lagoon_b, minmay_misc_feat_more_columns,
          minmay_crystal_water, kennysheep_cluttered_room, uniq_blork_the_orc,
          uniq_sigmund

Notes
Turn   | Place    | Note
-------+----------+-------------------------------------------
     0 | D:1      | mcwallace the Hill Orc Fighter began the quest for the Orb.
     0 | D:1      | Reached XP level 1. HP: 19/19 MP: 1/1
     0 | D:1      | magus.rc [v1.9.6]
     7 | D:1      | You pick up a book of Debilitation and begin reading...
     7 | D:1      | You add the spells Slow, Vampiric Draining and Confusing
                  | Touch to your library.
   188 | D:1      | Reached XP level 2. HP: 27/27 MP: 2/2
   191 | D:1      | Reached skill level 3 in Axes
   622 | D:1      | Reached skill level 4 in Fighting
   622 | D:1      | Reached XP level 3. HP: 33/33 MP: 3/3
   730 | D:1      | You pick up a book of Geomancy and begin reading...
   730 | D:1      | You add the spells Sandblast, Passwall and Stone Arrow to
                  | your library.
   986 | D:2      | Found a faded altar of an unknown god.
  1249 | D:2      | Reached XP level 4. HP: 18/40 MP: 4/4
  1421 | D:2      | Found a burning altar of Makhleb.
  1510 | D:2      | Reached skill level 4 in Armour
  1848 | D:3      | Reached skill level 4 in Shields
  2004 | D:3      | Found a stormy altar of Qazlal.
  2010 | D:3      | Noticed a fire elemental
  2011 | D:3      | Noticed an air elemental
  2011 | D:3      | Noticed an earth elemental
  2011 | D:3      | Noticed a water elemental
  2177 | D:3      | Found a sparkling altar of Nemelex Xobeh.
  2224 | D:3      | Found a transporter.
  2314 | D:3      | Reached skill level 4 in Axes
  2399 | D:3      | Reached XP level 5. HP: 44/47 MP: 5/5
  2710 | D:3      | Found a transporter.
  2773 | D:4      | Noticed Sigmund
  2780 | D:4      | Killed Sigmund
  2781 | D:4      | Reached skill level 5 in Fighting
  2781 | D:4      | Reached XP level 6. HP: 42/56 MP: 6/6
  2789 | D:4      | HP: 12/56 [scorpion (7)]
  2791 | D:4      | Reached skill level 5 in Axes
  3263 | D:4      | Found an opulent altar of Gozag.
  3267 | D:4      | HP: 7/56 [acid (8)]
  3269 | D:4      | Reached skill level 5 in Armour
  3548 | D:4      | Reached skill level 5 in Shields
  3548 | D:4      | Reached XP level 7. HP: 45/61 MP: 7/7
  4013 | D:4      | Noticed Blork the orc
  4038 | D:4      | HP: 12/62 [poisoned by Blork the orc]
  4039 | D:4      | HP: 2/62 [Blork the orc (6)]
  4040 | D:3      | Succumbed to Blork the orc's poison

Vanquished Creatures
  Sigmund (D:4)
  An ogre (D:4)
  A scorpion (D:4)
  A jelly (D:4)
  An orc priest (D:3)
  7 adders
  2 worms (D:2)
  3 dart slugs
  4 orcs
  5 bats
  7 endoplasms
  4 giant cockroaches
  11 goblins
  4 hobgoblins
  3 quokkas (D:1)
  11 ball pythons
  6 frilled lizards
  7 kobolds
  6 rats
85 creatures vanquished.

Vanquished Creatures (others)
  7 plants
7 creatures vanquished.

Grand Total: 92 creatures vanquished

Table legend:
 A = Non-vault XP
 B = Vault XP
 C = Vault XP percentage of total XP
 D = Non-vault monster count
 E = Vault monster count
 F = Vault count percentage of total count
                 A         B        C        D         E       F
            +---------+---------+-------+---------+---------+-------
      Total |     523 |     212 |  28.8 |      84 |       1 |   1.2
            +---------+---------+-------+---------+---------+-------
        D:1 |      47 |       0 |   0.0 |      29 |       0 |   0.0
        D:2 |      60 |       0 |   0.0 |      21 |       0 |   0.0
        D:3 |     132 |       0 |   0.0 |      23 |       0 |   0.0
        D:4 |     284 |     212 |  42.7 |      11 |       1 |   8.3
            +---------+---------+-------+---------+---------+-------

Illustrated notes

Table legend:
 A = Kills in this place as a percentage of kills in entire the game.
 B = Kills by you in this place as a percentage of kills by you in the entire game.
 C = Kills by friends in this place as a percentage of kills by friends in the entire game.
 D = Other kills in this place as a percentage of other kills in the entire game.
 E = Experience gained in this place as a percentage of experience gained in the entire game.
 F = Experience gained in this place divided by the number of levels of this place that you have seen.
                   A       B       C       D       E      F
               +-------+-------+-------+-------+-------+----------------------
         Total | 100.0 | 100.0 |   N/A |   N/A | 100.0 | 183.8
       Dungeon | 100.0 | 100.0 |   N/A |   N/A | 100.0 | 183.8
               +-------+-------+-------+-------+-------+----------------------

Table legend: (Time is in decaauts)
 A = Elapsed time spent in this place.
 B = Non-inter-level travel time spent in this place.
 C = Inter-level travel time spent in this place.
 D = Time resting spent in this place.
 E = Time spent auto-exploring this place.
 F = Levels seen in this place.
 G = Mean time per level.
                   A        B        C        D        E       F      G
               +--------+--------+--------+--------+--------+-----+--------+
         Total |   4139 |   4078 |     61 |      0 |   3429 |   4 | 1034.8 |
       Dungeon |   4139 |   4078 |     61 |      0 |   3429 |   4 | 1034.8 |
               +--------+--------+--------+--------+--------+-----+--------+

Top non-repeatable levels by time:
     D:4: 1292 daAuts
     D:2: 976 daAuts
     D:3: 951 daAuts
     D:1: 919 daAuts
